 Adventure DCSS version bcrawl-1.19.1 (webtiles) character file.

Game seed: 6592236707943392015

1523 mahrnol the Magician (level 8, -4/48 HPs)
             Began as a Skeleton Reaver on Nov 28, 2019.
             Was a Believer of Vehumet.
             Engulfed by a cloud of freezing vapour (8 damage)
             ... on level 6 of the Dungeon.
             The game lasted 00:35:04 (6889 turns).

mahrnol the Magician (Skeleton Reaver)              Turns: 6889, Time: 00:35:05

Health: -4/48      AC: 12    Str: 19      XL:     8   Next: 54%
Magic:  0/19       EV: 27    Int: 14      God:    Vehumet [**....]
Gold:   441        SH:  0    Dex:  6 (7)  Spells: 16/22 levels left
                                        Lives:  0   Deaths: 2

rFire    . . .     SeeInvis .   s - +3 hand axe (elec)
rCold    + . .     Gourm    .   (no shield)
rNeg     + + +     Faith    .   b - +0 steam dragon scales
rPois    ∞         Spirit   +   u - +0 helmet
rElec    .         Reflect  .   t - +2 cloak
rCorr    .         Harm     .   q - +1 pair of gloves
MR       +....                  o - +0 pair of boots
Stlth    ..........             y - amulet of the acrobat
HPRegen  0.16/turn              n - ring of wizardry
MPRegen  0.16/turn              D - ring of attention (curse)

@: acrobat
A: no food or potions, cold resistance 1, deterioration 1, negative energy
resistance 3, powered by death 1, torment resistance, unbreathing, magic shield,
sturdy frame 1, spell healing
a: Renounce Religion


You were on level 6 of the Dungeon.
You worshipped Vehumet.
Vehumet was pleased with you.
You were not hungry.

You visited 2 branches of the dungeon, and saw 7 of its levels.

You collected 441 gold pieces.

Inventory:

Hand Weapons
 a - a +0 flail
 l - a +0 hunting sling
 s - a +3 hand axe of electrocution (weapon)
 v - a +1 dagger of venom
 w - a +2 flail of protection
 A - a +3 vampiric spear
Missiles
 e - 82 poisoned needles
 m - 531 sling bullets
Armour
 b - +0 steam dragon scales (worn)
 o - a +0 pair of boots (worn)
 q - a +1 pair of gloves (worn)
 t - a +2 cloak (worn)
 u - a +0 helmet (worn)
 z - a +2 buckler
Jewellery
 f - an uncursed amulet of inaccuracy
 n - a ring of wizardry (left hand)
 y - an amulet of the acrobat (around neck)
 D - a cursed ring of attention (right hand)
Wands
 B - a wand of flame (8)
 C - a wand of paralysis (9)
Scrolls
 c - 3 scrolls of immolation
 d - 8 scrolls of identify
 g - 6 scrolls of remove curse
 h - 5 scrolls of blinking {unknown}
 i - 2 scrolls of fear {unknown}
 j - a scroll of enchant armour {unknown}
 k - 3 scrolls of enchant weapon {unknown}
 p - 3 scrolls of teleportation {unknown}
 r - 2 scrolls of magic mapping {unknown}
 x - 2 scrolls of amnesia {unknown}
Miscellaneous
 E - a box of beasts


   Skills:
 + Level 4.3 Fighting
 + Level 3.3(4.7) Axes
 + Level 5.1(5.6) Maces & Flails
 - Level 3.0 Dodging
 - Level 0.8 Stealth
 + Level 7.9 Spellcasting
 * Level 6.4 Conjurations
 + Level 3.0 Ice Magic
 + Level 0.2 Air Magic
 - Level 2.1 Poison Magic
 * Level 2.5 Evocations


You had 16 spell levels left.
You knew the following spells:

 Your Spells              Type           Power        Failure   Level  Hunger
a - Sting                 Conj/Pois      ###.         1%          1    N/A
b - Throw Frost           Conj/Ice       ###...       1%          2    N/A
c - Mephitic Cloud        Conj/Pois/Air  ##......     1%          3    N/A

Your spell library contained the following spells:

 Spells                   Type           Power        Failure   Level  Hunger
 Iskenderun's Battlesphe  Conj/Chrm      ##......     10%         5    N/A

Dungeon Overview and Level Annotations

Branches:
Dungeon (6/12)             Temple (1/1) D:5

Altars:
Ashenzari
Cheibriados
Dithmenos
Elyvilon
Fedhas
Gozag
Hepliaklqana
Kikubaaqudgha
Lugonu
Makhleb
Nemelex Xobeh
Okawaru
Qazlal
Ru
Sif Muna
Trog
Vehumet
Wu Jian
Xom
Yredelemnul
Zin
The Shining One


Innate Abilities, Weirdness & Mutations

You do not eat or drink.
You are immune to poison.
Your flesh is cold resistant. (rC+)
Your body sometimes deteriorates upon taking damage.
You are immune to negative energy. (rN+++)
You regenerate a little health from kills.
You are immune to unholy pain and torment.
You can survive without breathing.
When hurt, damage is shared between your health and your magic reserves.
Your movements are slightly less encumbered by armour. (ER -2)
Casting spells heals you.


Message History

Really walk into that cloud of freezing vapour?
Okay, then.
You see here a club.
Really walk into a travel-excluded area?
Uppercase [Y]es or [N]o only, please.
Really walk into a travel-excluded area?
You see here a ration {!d}.
You are engulfed in freezing vapours.
You resist.
You are engulfed in freezing vapours.
You resist.
You are engulfed in freezing vapours.
You resist.
You are engulfed in freezing vapours.
You resist.
You are engulfed in freezing vapours.
You resist.
Really walk into that cloud of freezing vapour?
You are engulfed in freezing vapours.
You resist.
You are engulfed in freezing vapours.
You resist.
* * * LOW HITPOINT WARNING * * *
You are engulfed in freezing vapours.
You resist.
* * * LOW HITPOINT WARNING * * *
You are engulfed in freezing vapours.
You resist.
You die...

#.....)...#.>##....##
#.........#......#.# #
########.........#.####
# #...........##...<#
####
#.##..##....#######
...## #.##.###....#
##..#####........######
###'###################
##...........°°°@°°°°##
####################.##
##.!).%..°°°°°°......##
#######################
#######################


There were no monsters in sight!

Vanquished Creatures
  A hippogriff (D:5)
  Sigmund (D:2)
  Menkaure (D:6)
  A sky beast (D:4)
  A phantom (D:5)
  3 ogres
  A bullfrog (D:6)
  A gnoll sergeant (D:4)
  A scorpion (D:5)
  A crimson imp (D:5)
  A bullfrog zombie (D:5)
  A hound (D:5)
  2 orc wizards
  2 orc priests (D:3)
  A bullfrog skeleton (D:2)
  A worker ant (D:5)
  A hound zombie (D:5)
  7 gnolls (D:4)
  6 adders
  An ooze (D:5)
  3 worms
  4 dart slugs
  10 leopard geckos
  11 orcs
  9 bats
  3 giant cockroaches
  6 goblins
  10 hobgoblins
  4 jackals (D:1)
  3 quokkas
  A ball python (D:2)
  8 frilled lizards
  7 kobolds
  3 rats
117 creatures vanquished.

Notes
Turn   | Place    | Note
-------+----------+-------------------------------------------
     0 | D:1      | mahrnol the Skeleton Reaver began the quest for the Orb.
     0 | D:1      | Reached XP level 1. HP: 14/14 MP: 4/4
   135 | D:1      | Reached XP level 2. HP: 4/19 MP: 1/6
   705 | D:1      | Reached XP level 3. HP: 22/23 MP: 5/7
   711 | D:1      | Reached * piety under Vehumet
   711 | D:1      | Offered knowledge of Sting by Vehumet.
   715 | D:1      | Learned a level 1 spell: Sting
  1086 | D:2      | Slain by a bullfrog skeleton
  1087 | D:2      | Reached XP level 2. HP: -1/19 MP: 0/6
  1100 | D:2      | Reached XP level 3. HP: 23/23 MP: 8/8
  1417 | D:2      | Noticed Sigmund
  1444 | D:2      | Reached skill level 5 in Maces & Flails
  1465 | D:2      | Reached XP level 4. HP: 19/29 MP: 4/9
  1697 | D:3      | Found a faded altar of an unknown god.
  1735 | D:3      | Killed from afar by an orc priest
  1736 | D:3      | Reached XP level 3. HP: -7/24 MP: 0/8
  1761 | D:3      | Reached skill level 4 in Spellcasting
  1932 | D:3      | Reached skill level 1 in Conjurations
  1932 | D:3      | Reached skill level 1 in Poison Magic
  1932 | D:3      | Reached XP level 4. HP: 27/29 MP: 5/10
  2013 | D:3      | Offered knowledge of Throw Frost by Vehumet.
  2018 | D:3      | Learned a level 2 spell: Throw Frost
  2290 | D:3      | Reached XP level 5. HP: 33/33 MP: 4/12
  2311 | D:3      | Reached ** piety under Vehumet
  2391 | D:3      | Noticed a hippogriff
  2792 | D:2      | Killed Sigmund
  2792 | D:2      | Reached skill level 5 in Spellcasting
  2792 | D:2      | Gained mutation: You regenerate a little health from kills.
                  | [Skeleton growth]
  2792 | D:2      | Reached XP level 6. HP: 27/38 MP: 2/14
  3126 | D:3      | Reached skill level 1 in Ice Magic
  3246 | D:3      | Found a sparkling altar of Nemelex Xobeh.
  3250 | D:3      | Found a glowing golden altar of the Shining One.
  3253 | D:3      | Found a snail-covered altar of Cheibriados.
  3257 | D:3      | Found a shattered altar of Ashenzari.
  3366 | D:4      | Noticed a sky beast
  3581 | D:4      | Reached skill level 6 in Spellcasting
  3596 | D:4      | Reached skill level 1 in Axes
  3743 | D:4      | Found a radiant altar of Vehumet.
  3820 | D:4      | Killed a sky beast
  3820 | D:4      | Reached XP level 7. HP: 42/42 MP: 12/16
  4149 | D:5      | Entered Level 5 of the Dungeon
  4341 | D:5      | Found a staircase to the Ecumenical Temple.
  4350 | Temple   | Entered the Ecumenical Temple
  4719 | D:5      | Reached skill level 1 in Evocations
  4896 | D:5      | Offered knowledge of Mephitic Cloud by Vehumet.
  4903 | D:5      | Reached skill level 7 in Spellcasting
  4908 | D:5      | Learned a level 3 spell: Mephitic Cloud
  5009 | D:5      | Noticed a hippogriff
  5023 | D:5      | Killed a hippogriff
  5269 | D:5      | Reached XP level 8. HP: 48/48 MP: 17/19
  5299 | D:5      | Reached skill level 5 in Conjurations
  5496 | D:5      | Found a sacrificial altar of Ru.
  6339 | D:6      | Noticed Menkaure
  6378 | D:6      | Killed Menkaure
  6889 | D:6      | Engulfed by a cloud of freezing vapour

Skill      XL: |  1  2  3  4  5  6  7  8 |
---------------+-------------------------+-----
Maces & Flails | 4 5 |  5.1
Spellcasting   | 4 5 6 7 |  7.9
Conjurations   | 1 2 3 4 6 |  6.4
Poison Magic   | 1 2 |  2.1
Ice Magic      | 2 3 |  3.0
Axes           | 1 2 3 |  3.3
Fighting       | 4 |  4.3
Evocations     | 1 2 |  2.5
Dodging        | |  3.0
Stealth        | |  0.8
Air Magic      | |  0.2

Action                   |  1- 3 |  4- 6 |  7- 9 || total
-------------------------+-------+-------+-------++-------
Melee: Flail             |   156 |    22 |       ||   178
       Hand axe          |       |    54 |    67 ||   121
 Cast: Sting             |    42 |    69 |    26 ||   137
       Throw Frost       |       |    31 |    48 ||    79
       Mephitic Cloud    |       |       |     2 ||     2
  Use: Scroll            |       |     2 |       ||     2
Armor: Steam dragon scal |    59 |    42 |    33 ||   134
Dodge: Dodged            |   137 |    75 |    53 ||   265
